 Dungeon Crawl Stone Soup version 0.27.1-3-gb3d3a73c9e (webtiles) character file.

Game seed: 13357309305606902946

114 Descartes the Firebug (level 4, -3/24 HPs)
             Began as a Deep Elf Fire Elementalist on Oct 8, 2021.
             Slain by Duvessa (11 damage)
             ... on level 4 of the Dungeon.
             The game lasted 00:05:53 (3403 turns).

Descartes the Firebug (Deep Elf Fire Elementalist)  Turns: 3403, Time: 00:05:54

Health: -3/24      AC:  7    Str:  5    XL:     4   Next: 66%
Magic:  4/11       EV: 13    Int: 21    God:
Gold:   105        SH:  0    Dex: 15    Spells: 6/10 levels left

rFire    . . .     SeeInvis .   n - +1 dagger (venom)
rCold    . . .     Faith    .   (no shield)
rNeg     . . .     Spirit   .   a - +0 robe
rPois    .         Reflect  .   i - +2 helmet
rElec    .         Harm     .   m - +0 cloak
rCorr    .         Rampage  .   (no gloves)
Will     .....                  f - +0 pair of boots
Stlth    ++........             (no amulet)
HPRegen  0.08/turn              (no ring)
MPRegen  0.12/turn              (no ring)

@: no status effects
A: no striking features
a: no special abilities


You were on level 4 of the Dungeon.
You visited 1 branch of the dungeon, and saw 4 of its levels.

You collected 105 gold pieces.

Inventory:

Hand Weapons
 j - a +1 dagger of draining
 n - a +1 dagger of venom (weapon)
Missiles
 c - 82 stones
 g - 53 arrows
Armour
 a - a +0 robe (worn)
 f - a +0 pair of boots (worn)
 i - a +2 helmet (worn)
 m - a +0 cloak (worn)
 q - a +0 tower shield
Jewellery
 d - a ring of ice
Scrolls
 b - a scroll of vulnerability {unknown}
 k - a scroll of teleportation {unknown}
 l - a scroll of amnesia {unknown}
 r - a scroll of identify {unknown}
Potions
 e - 3 potions of curing {unknown}
 h - 2 potions of heal wounds {unknown}
 o - a potion of mutation {unknown}
 p - a potion of cancellation {unknown}
 s - a potion of degeneration {unknown}


   Skills:
 + Level 3.4 Dodging
 + Level 3.4 Stealth
 + Level 3.8 Spellcasting
 + Level 2.2 Conjurations
 + Level 3.9 Fire Magic
 + Level 0.9 Poison Magic


You had 6 spell levels left.
You knew the following spells:

 Your Spells              Type           Power      Damage    Failure   Level
a - Foxfire               Conj/Fire      68%        2x1d7     3%          1
b - Ignite Poison         Fire/Tmut/Pois 10%        N/A       19%         3

Your spell library contained the following spells:

 Spells                   Type           Power      Damage    Failure   Level
 Magic Dart               Conj           52%        1d5       4%          1
 Searing Ray              Conj           26%        3d4       7%          2
 Conjure Flame            Conj/Fire      17%        6-21      10%         3
 Inner Flame              Hex/Fire       12%        N/A       16%         3
 Sticky Flame             Conj/Fire      17%        2d4       32%         4
 Fulminant Prism          Conj/Hex       4%         3d6       58%         4
 Fireball                 Conj/Fire      8%         3d6       67%         5


Dungeon Overview and Level Annotations

Branches:
Dungeon (4/15)
 Temple: D:4-7

Altars:
Hepliaklqana

Shops:
D:3 :

Annotations:
D:4 Dowan, Duvessa


Message History

You conjure some foxfire!
The foxfire hits Duvessa but does no damage. x2
Unknown command.
Casting: Foxfire (safe; 3% risk of failure)
Confirm with . or Enter, or press ? or * to list all spells.
You conjure some foxfire!
The foxfire hits Duvessa.
Duvessa is lightly wounded.
The foxfire hits Duvessa but does no damage.
Duvessa is lightly wounded.
Dowan gestures wildly while chanting.
Dowan blinks!
Casting: Foxfire (safe; 3% risk of failure)
Confirm with . or Enter, or press ? or * to list all spells.
You conjure some foxfire!
The foxfire hits Duvessa but does no damage.
Duvessa is lightly wounded.
The foxfire hits Duvessa but does no damage.
Duvessa is lightly wounded.
Duvessa says, "My weaknesses are his strengths!"
Duvessa hits you with a +3 short sword of protection.
Your foxfire dissipates!
The foxfire hits Duvessa but does no damage.
Duvessa is lightly wounded.
Duvessa hits you with a +3 short sword of protection.
Dowan gestures at you while chanting. You resist with some effort.
Dowan says, "Magic and the sword, together, will defeat you."
Duvessa hits you with a +3 short sword of protection!
* * * LOW HITPOINT WARNING * * *
Dowan points at you and mumbles some strange words.
The puff of frost misses you.
Dowan whispers, "It won't be long now."
Duvessa says, "When magic and the sword combine, nothing stands against them."
Dowan casts a spell at Duvessa.
Duvessa seems to speed up.
Dowan casts a spell.
Dowan blinks!
Duvessa closely misses you.
Dowan is no longer unusually resistant.
Duvessa hits you with a +3 short sword of protection!
You die...

..........####...........
##......### #...........
<.......# ####+#........
........# #............. ......
...#+#+## #............. #......
...#.#+#####.....######## #......
...#.............# ########......
####.............###.............
####..........<.@e...(####.......
....................e............
......<....).....##.........##...
####.#'#+#####..###..##.....##...
................# #..##..........
####.....#####.## #..######......
...#...#.# #.# #..# #.......
...#####.# #.####..#####.......
...# #.# #...........#.......


You could see Duvessa (fast) and Dowan.

Vanquished Creatures
  A hound (D:4)
  Jessica (D:3)
  Robin (D:3)
  A dart slug (D:2)
  An orc (D:4)
  An endoplasm (D:3)
  2 giant cockroaches (D:3)
  10 goblins
  9 hobgoblins
  A quokka (D:2)
  2 ball pythons
  4 bats
  5 kobolds
  3 rats
42 creatures vanquished.

Vanquished Creatures (others)
  213 foxfires
213 creatures vanquished.

Grand Total: 255 creatures vanquished

Notes
Turn   | Place    | Note
-------+----------+-------------------------------------------
     0 | D:1      | Descartes the Deep Elf Fire Elementalist began the quest
                  | for the Orb.
     0 | D:1      | Reached XP level 1. HP: 10/10 MP: 6/6
    95 | D:1      | Found a faded altar of an unknown god.
   956 | D:2      | Reached XP level 2. HP: 15/15 MP: 2/8
  1921 | D:3      | Noticed Robin
  2001 | D:3      | Killed Robin
  2002 | D:3      | Reached XP level 3. HP: 18/19 MP: 4/9
  2237 | D:3      | Found Gopuymuwn's Book Emporium.
  2258 | D:3      | Learned a level 3 spell: Ignite Poison
  2620 | D:3      | Found a hazy altar of Hepliaklqana.
  2783 | D:3      | Noticed Jessica
  2787 | D:3      | Killed Jessica
  2788 | D:3      | Reached XP level 4. HP: 24/24 MP: 6/11
  3373 | D:4      | Noticed Dowan
  3375 | D:4      | Noticed Duvessa
  3403 | D:4      | Slain by Duvessa

Illustrated notes

Levels and vault maps discovered:
D:1:      amcnicky_arrival_wind_blow, layout_basic,
          hellmonk_ecumenical_altar_zigzags
D:2:      layout_basic
D:3:      layout_basic, nzn_hepliaklqana_mist_gate, serial_shops, shop_statue,
          chequers_garden, minmay_misc_feat_tiny, uniq_jessica, uniq_robin
D:4:      layout_basic, lemuel_tele_altar, dk_rats_in_the_wall, uniq_ijyb,
          uniq_duvessa

Skill      XL: |  1  2  3 |
---------------+----------+-----
Stealth        | 3 |  3.4
Dodging        | 3 |  3.4
Conjurations   | 2 |  2.2
Spellcasting   | |  3.8
Fire Magic     | |  3.9
Poison Magic   | |  0.9

Action                   |  1- 3 |  4- 6 || total
-------------------------+-------+-------++-------
 Cast: Foxfire           |   111 |    21 ||   132
Dodge: Dodged            |       |     3 ||     3
